AoeStats
← Ja1r

Black Forest

509816831Analyzed
2v2 RM · 4d ago on Sep 28, 2026· 62m 39s· 4 players
Game mode
Random Map
Map size
Medium (4 player)
Population
200
Speed
Normal
Resources
Standard
Victory
Conquest
Starting age
Dark Age
Ending age
Imperial Age
RankedLock teamsTeams togetherTeam positionsShared explorationLock speedFull tech treeHidden civsTurbo modeCheats
Victory
Defeat
🇨🇴 Byzantines · Colombia
884
+16
🇨🇳 Byzantines · China
832
+19
🇺🇸 Byzantines · United States
900
-18
🇺🇸 Goths · United States
880
-17
angelachang0220
11:05 Feudal Age
17:44 Castle Age
16:56 Double-Bit Axe
26:04 Horse Collar
27:49 Fishing Lines
31:13 Imperial Age
29:05 Scale Mail Armor
29:16 Forging
30:46 Heavy Plow
31:06 Gold Mining
32:21 Wheelbarrow
32:04 Chain Mail Armor
31:52 Gillnets
32:57 Iron Casting
37:10 Chemistry
36:30 Ballistics
36:30 Anarchy
36:51 Caravan
37:57 Squires
40:47 Hand Cart
41:27 Perfusion
46:13 Blast Furnace
45:04 Man-at-Arms
45:45 Long Swordsman
46:58 Fletching
47:09 Padded Archer Armor
46:46 Two-Handed Swordsman
47:21 Elite Huskarl
47:44 Champion
48:12 Elite Skirmisher
56:14 Leather Archer Armor
55:54 Bodkin Arrow
56:09 Crossbowman
挖西玖桃
0:52 Loom
17:23 Feudal Age
19:00 Double-Bit Axe
23:05 Castle Age
24:17 Bow Saw
25:55 Squires
25:43 Gambesons
25:44 Arson
26:02 Scale Mail Armor
26:13 Forging
28:13 Wheelbarrow
30:53 Hand Cart
31:15 Gold Mining
35:03 Imperial Age
39:19 Two-Man Saw
39:59 Gold Shaft Mining
40:05 Caravan
40:34 Redemption
42:22 Chemistry
42:01 Elite Varangian Guard
43:20 Iron Casting
43:00 Chain Mail Armor
43:22 Block Printing
43:32 Sanctity
43:52 Theocracy
43:19 Devotion
43:49 Illumination
43:38 Fervor
44:11 Logistica
48:08 Conscription
49:15 Plate Mail Armor
53:28 Horse Collar
55:54 Padded Archer Armor
55:45 Fletching
58:11 Thumb Ring
57:27 Crossbowman
58:29 Leather Archer Armor
58:09 Bodkin Arrow
60:15 Arbalester
61:23 Elite Skirmisher
Ja1r
0:39 Loom
13:10 Feudal Age
13:51 Double-Bit Axe
17:01 Wheelbarrow
16:39 Horse Collar
19:27 Castle Age
18:49 Gold Mining
20:29 Bow Saw
21:29 Heavy Plow
21:33 Scale Mail Armor
25:45 Forging
27:16 Wheelbarrow
29:32 Imperial Age
27:24 Man-at-Arms
28:48 Hand Cart
29:09 Long Swordsman
29:51 Squires
30:23 Chain Mail Armor
31:01 Crop Rotation
31:34 Chemistry
31:32 Conscription
32:39 Treadmill Crane
33:11 Fletching
32:59 Two-Handed Swordsman
34:55 Champion
36:51 Plate Mail Armor
37:25 Ballistics
37:27 Elite Cataphract
39:18 Thumb Ring
40:59 Logistica
42:59 Iron Casting
42:56 Bodkin Arrow
53:55 Padded Archer Armor
55:34 Leather Archer Armor
59:23 Scale Barding Armor
好歌剧
0:47 Loom
14:23 Feudal Age
16:39 Double-Bit Axe
20:52 Castle Age
22:36 Fletching
24:27 Bodkin Arrow
30:06 Horse Collar
31:56 Treadmill Crane
33:40 Wheelbarrow
33:15 Heavy Plow
36:28 Hand Cart
36:09 Gold Mining
36:09 Stone Mining
40:28 Imperial Age
39:24 Scale Mail Armor
39:35 Forging
39:31 Scale Barding Armor
39:27 Padded Archer Armor
40:12 Gold Shaft Mining
40:13 Stone Shaft Mining
40:59 Chain Mail Armor
41:20 Iron Casting
40:47 Squires
40:08 Pikeman
40:11 Elite Skirmisher
40:57 Thumb Ring
41:08 Bow Saw
43:11 Chemistry
42:16 Halberdier
43:39 Crop Rotation
43:26 Bow Saw
44:18 Elite Cataphract
45:19 Conscription
45:28 Chain Barding Armor
45:09 Bracer
45:25 Leather Archer Armor
45:41 Plate Mail Armor
48:01 Husbandry
48:38 Plate Barding Armor
48:34 Ring Archer Armor
47:52 Arson
48:34 Logistica
52:01 Sanctity
51:57 Block Printing
52:08 Illumination
52:19 Theocracy
51:55 Fervor
59:37 Guilds
61:28 Hoardings
61:56 Devotion
Connection lost

Rejoining the realm…

Still unreachable

The connection could not be restored.

Session expired

The server has moved on; the page needs a fresh start.